 Dungeon Crawl Stone Soup version 0.28.0-53-g5a82cb258f (webtiles) character file.

Game seed: 3236238812657531015

401 Peloso the Slasher (level 6, -2/53 HPs)
             Began as a Minotaur Fighter on July 14, 2022.
             Slain by a wraith (4 damage)
             ... in an ossuary.
             The game lasted 00:07:13 (3735 turns).

Peloso the Slasher (Minotaur Fighter)               Turns: 3735, Time: 00:07:14

Health: -2/53      AC:  9    Str: 18 (21) XL:     6   Next: 54%
Magic:  5/5        EV:  7    Int:  2 (5)  God:
Gold:   38         SH:  4    Dex:  8 (11) Spells: 5/5 levels left

rFire   . . .      SeeInvis .   a - +0 long sword
rCold   . . .      Faith    .   c - +0 buckler
rNeg    . . .      Spirit   .   b - +0 chain mail
rPois   .          Reflect  .   (helmet restricted)
rElec   .          Harm     .   (no cloak)
rCorr   .          Rampage  .   (no gloves)
Will    .....                   (no boots)
Stlth   ..........              (no amulet)
HPRegen 0.17/turn               (no ring)
MPRegen 0.09/turn               (no ring)

@: mighty, brilliant, slowed, very slow
A: horns 2, retaliatory headbutt
a: no special abilities


You were in an ossuary.
You visited 1 branch of the dungeon, and saw 4 of its levels.
You also visited: Ossuary.

You collected 125 gold pieces.
You spent 87 gold pieces at shops.

Inventory:

Hand Weapons
 a - a +0 long sword (weapon)
Armour
 b - a +0 chain mail (worn)
 c - a +0 buckler (worn)
 q - a +1 scale mail of willpower
Jewellery
 r - an amulet of guardian spirit
Wands
 k - a wand of flame (34)
 m - a wand of iceblast (6)
Scrolls
 e - a scroll of acquirement {unknown}
 f - a scroll of torment {unknown}
 g - 3 scrolls of identify {unknown}
 h - 2 scrolls of fear {unknown}
 l - a scroll of amnesia {unknown}
 o - a scroll of magic mapping {unknown}
 p - a scroll of teleportation {unknown}
 t - a scroll of vulnerability {unknown}
 v - 2 scrolls of summoning {unknown}
Potions
 d - a potion of might
 i - a potion of mutation {unknown}
 j - 4 potions of brilliance
 n - a potion of degeneration
 s - a potion of haste {unknown}
 u - a potion of curing {unknown}


   Skills:
 + Level 4.5 Fighting
 + Level 5.7 Long Blades
 + Level 5.4 Armour
 + Level 1.3 Dodging
 + Level 0.6 Stealth
 + Level 4.7 Shields


You had 5 spell levels left.
You didn't know any spells.
Your spell library contained the following spells:

 Spells                   Type           Power      Damage    Failure   Level
 Animate Skeleton         Necr           0%         N/A       100%        1
 Apportation              Tloc           0%         N/A       100%        1
 Sting                    Tmut/Pois      0%         1d3       100%        1
 Summon Small Mammal      Summ           0%         N/A       100%        1
 Dazzling Flash           Conj/Hex       0%         N/A       100%        3
 Mephitic Cloud           Conj/Pois/Air  0%         N/A       100%        3
 Ozocubu's Armour         Ice            0%         N/A       100%        3
 Olgreb's Toxic Radiance  Pois           0%         N/A       100%        4
 Metabolic Englaciation   Hex/Ice        0%         N/A       100%        5
 Simulacrum               Ice/Necr       0%         N/A       100%        6


Dungeon Overview and Level Annotations

Branches:
Dungeon (4/15)            Ossuary (1/1)
 Temple: D:4-7

Altars:
Ru

Shops:
D:1 :*


Innate Abilities, Weirdness & Mutations

You have a pair of horns on your head.
You reflexively headbutt those who attack you in melee.


Message History

You hit the wraith.
The wraith is moderately damaged.
The wraith barely misses you. You furiously retaliate!
You headbutt the wraith. You hit the wraith but do no damage.
Your headbutt misses the wraith.
The wraith is moderately damaged.
The wraith hits you but does no damage. The wraith hits you!
You closely miss the wraith.
The wraith is moderately damaged.
The wraith hits you! The wraith drains your vigour!
You feel as though you will be slow longer.
The wraith hits you.
You hit the wraith.
The wraith is moderately damaged.
The wraith barely misses you. The wraith hits you.
* * * LOW HITPOINT WARNING * * *
You completely miss the wraith. Your headbutt misses the wraith.
The wraith is moderately damaged.
The wraith hits you but does no damage.
Okay, then.
You feel very mighty all of a sudden. The wraith hits you!
* * * LOW HITPOINT WARNING * * *
The wraith drains your vigour!
You feel as though you will be slow longer.
The wraith hits you but does no damage.
Okay, then.
It was a potion of brilliance.
You feel clever all of a sudden. You block the wraith's attack.
It was a potion of degeneration.
There was something very wrong with that liquid.
You feel weakened.
You feel dopey.
You feel clumsy. The wraith hits you but does no damage. The wraith hits you.
* * * LOW HITPOINT WARNING * * *
The wraith drains your vigour!
You feel as though you will be slow longer.
You hit the wraith.
The wraith is heavily damaged.
The wraith hits you.
You die...

###########################
#.........................#
#.∩.....................∩.#
#.......#####+#####.......#
#......##.....W@..##......#
#.....##...##'##...##.....#
#....##...##...##...##....#
#....#...##..!?.##...#....#
#....+...#.!!!...#...'....#
#....#...##.?!!.##...#....#
#....##...##...##...##....#
#.....##...#####...##.....#
#......##.........##......#


You could see a wraith.

Vanquished Creatures
  A black bear (D:4)
  A phantom (D:3)
  An orc priest (D:4)
  Jessica (D:2)
  An iguana (D:4)
  An orc wizard (D:4)
  A mummy (Ossuary)
  2 adders (D:3)
  A white imp (D:3)
  2 worms (D:2)
  3 dart slugs
  5 orcs
  5 ball pythons
  7 endoplasms
  A giant cockroach (D:2)
  4 hobgoblins
  6 kobolds
  A quokka (D:4)
  7 bats
  5 gnoll skeletons (Ossuary)
  6 goblins
  9 kobold skeletons (Ossuary)
  11 orc skeletons (Ossuary)
  3 rats
85 creatures vanquished.

Notes
Turn   | Place    | Note
-------+----------+-------------------------------------------
     0 | D:1      | Peloso the Minotaur Fighter began the quest for the Orb.
     0 | D:1      | Reached XP level 1. HP: 19/19 MP: 0/0
   283 | D:1      | Reached XP level 2. HP: 27/27 MP: 1/1
   292 | D:1      | Found a faded altar of an unknown god.
   300 | D:1      | Found Kaiph's Assorted Antiques.
   446 | D:1      | Found Eleaqa's Book Emporium.
  1025 | D:2      | Reached XP level 3. HP: 33/33 MP: 2/2
  1315 | D:2      | Noticed Jessica
  1319 | D:2      | Killed Jessica
  1734 | D:3      | Reached XP level 4. HP: 40/40 MP: 3/3
  2379 | D:3      | Noticed a phantom
  2391 | D:3      | Killed a phantom
  2392 | D:3      | Reached skill level 1 in Dodging
  2392 | D:3      | Reached XP level 5. HP: 30/46 MP: 4/4
  2631 | D:3      | Got the Compendium of Envenoming and the Oath
  2824 | D:1      | Bought a scroll labelled NUUDE MIFUNEO for 29 gold pieces
  2824 | D:1      | Bought a scroll labelled EWODIT VAUGH for 29 gold pieces
  2824 | D:1      | Bought a scroll labelled OFITID HOIHOPSU for 29 gold pieces
  2939 | D:4      | Found a sacrificial altar of Ru.
  3068 | D:4      | Noticed a black bear
  3087 | D:4      | Killed a black bear
  3088 | D:4      | Reached skill level 5 in Long Blades
  3088 | D:4      | Reached skill level 5 in Armour
  3088 | D:4      | Reached XP level 6. HP: 16/53 MP: 5/5
  3160 | D:4      | Found a sand-covered staircase.
  3309 | Ossuary  | Entered an ossuary
  3309 | Ossuary  | Noticed a wraith
  3309 | Ossuary  | Noticed a wraith
  3309 | Ossuary  | Noticed a wraith
  3688 | Ossuary  | Noticed a wraith
  3734 | Ossuary  | HP: 2/53 [wraith (3)]
  3735 | Ossuary  | Slain by a wraith

Illustrated notes

Levels and vault maps discovered:
D:1:      lemuel_arrival_tunnels, layout_basic,
          hellmonk_ecumenical_altar_arch_garden, serial_shops, shop_statue,
          nicolae_shop_waterfront
D:2:      layout_basic, uniq_jessica
D:3:      layout_basic
D:4:      layout_loops_ring, mainiacjoe_overflow_small_starburst,
          nicolae_ossuary_entry_ruins
Ossuary:  ossuary_due_mausoleum

Skill      XL: |  1  2  3  4  5 |
---------------+----------------+-----
Armour         | 4 5 |  5.4
Shields        | 4 |  4.7
Long Blades    | 3 4 5 |  5.7
Fighting       | 4 |  4.5
Dodging        | 1 |  1.3
Stealth        | |  0.6

Action                   |  1- 3 |  4- 6 || total
-------------------------+-------+-------++-------
Melee: Long sword        |    57 |   125 ||   182
       Headbutt          |     7 |    24 ||    31
  Use: Potion            |       |     3 ||     3
Armor: Scale mail        |    38 |    11 ||    49
       Chain mail        |       |    59 ||    59
Dodge: Dodged            |    30 |    41 ||    71
Block: Buckler           |    17 |    40 ||    57
